 Dungeon Crawl Stone Soup version 0.28.0-49-g6dfe1f597d (webtiles) character file.

Game seed: 11642120766501035353

581 Exodus22XD the Poker (level 7, -2/78 HPs)
             Began as a Demonspawn Gladiator on May 15, 2022.
             Was an Elder of Uskayaw.
             Slain by a two-headed ogre
             ... wielding a +0 giant spiked club
              (8 damage)
             ... on level 5 of the Dungeon.
             The game lasted 00:04:09 (3922 turns).

Exodus22XD the Poker (Demonspawn Gladiator)         Turns: 3922, Time: 00:04:09

Health: -2/78      AC: 23    Str: 17    XL:     7   Next: 14%
Magic:  5/8        EV:  2    Int:  9    God:    Uskayaw [****..]
Gold:   246        SH:  0    Dex: 14    Spells: 6/6 levels left

rFire   . . .      SeeInvis .   a - +0 trident
rCold   . . .      Faith    .   (no shield)
rNeg    . . .      Spirit   .   (armour currently unavailable)
rPois   +          Reflect  .   (helmet currently unavailable)
rElec   .          Harm     .   (cloak currently unavailable)
rCorr   .          Rampage  .   (gloves currently unavailable)
Will    .....      NoTele   +   (boots currently unavailable)
Stlth   ++........              (no amulet)
HPRegen 0.23/turn               (no ring)
MPRegen 0.11/turn               (no ring)

@: tree-form (expiring), attractive, hasted, very quick
A: stationary, stasis, torment immunity, boosted hp, (horns 2), (molten scales
2), powered by pain 1
a: Renounce Religion, Stomp, Line Pass


You were on level 5 of the Dungeon.
You worshipped Uskayaw.
Uskayaw was noncommittal.
You were a tree.
You visited 1 branch of the dungeon, and saw 5 of its levels.

You collected 246 gold pieces.

Inventory:

Hand Weapons
 a - a +0 trident (weapon)
Missiles
 d - 3 throwing nets (quivered)
Armour
 b - a +0 leather armour (melded)
 c - a +0 helmet
 k - a +2 hat (melded)
Jewellery
 e - an amulet of magic regeneration
 j - a ring of flight
Scrolls
 f - a scroll of teleportation
 g - 2 scrolls of brand weapon {unknown}
 l - a scroll of amnesia {unknown}
 o - a scroll of noise {unknown}
Potions
 n - a potion of lignification


   Skills:
 + Level 3.2 Fighting
 + Level 5.1 Polearms
 + Level 1.9 Throwing
 + Level 2.2 Armour
 + Level 3.5 Dodging
 + Level 2.5 Stealth
 * Level 2.4 Invocations


You had 6 spell levels left.
You didn't know any spells.
Your spell library was empty.

Dungeon Overview and Level Annotations

Branches:
Dungeon (5/15)
 Temple: D:4-7

Altars:
Dithmenos
Uskayaw
Yredelemnul

Shops:
D:2 [   D:4 *

Annotations:
D:4 2 transporters, hallab's ghost, amateur KoBr


Innate Abilities, Weirdness & Mutations

You are a tree.
Your roots penetrate the ground, keeping you stationary.
You cannot be teleported.
You are immune to unholy pain and torment.
Your maximum health is greatly increased.
Your equipment is partially melded.
((You have a pair of horns on your head.))
((You are mostly covered in molten scales. (AC +3)))
You sometimes gain a little power by taking damage.


Message History

As you read the scroll labelled DUUG BECZAGRIORPHA, it crumbles to dust.
You feel a strange sense of stasis.
It was a scroll of teleportation.
The water moccasin skeleton barely misses you.
The two-headed ogre shouts in stereo!
Reach: a) +0 trident
Press: ? - help, Dir - move target, f - water moccasin skeleton
Aim: a water moccasin skeleton (lightly damaged, about 32% to evade your +0 trident)
You hit the water moccasin skeleton.
The water moccasin skeleton is lightly damaged.
The water moccasin skeleton bites you but does no damage.
The two-headed ogre hits you but does no damage.
The two-headed ogre barely misses you.
Reach: a) +0 trident
Press: ? - help, Dir - move target, f/p - water moccasin skeleton
Aim: a water moccasin skeleton (lightly damaged, about 32% to evade your +0 trident)
You hit the water moccasin skeleton.
The water moccasin skeleton is moderately damaged.
The water moccasin skeleton bites you but does no damage.
Reach: a) +0 trident
Press: ? - help, Dir - move target, f/p - water moccasin skeleton
Aim: a water moccasin skeleton (moderately damaged, about 32% to evade your +0 trident)
You barely miss the water moccasin skeleton.
The water moccasin skeleton is moderately damaged.
The two-headed ogre hits you but does no damage. x2
The water moccasin skeleton bites you but does no damage.
Reach: a) +0 trident
Press: ? - help, Dir - move target, f/p - water moccasin skeleton
Aim: a water moccasin skeleton (moderately damaged, about 32% to evade your +0 trident)
You barely miss the water moccasin skeleton.
The water moccasin skeleton is moderately damaged.
Unknown command.
Reach: a) +0 trident
Press: ? - help, Dir - move target, f/p - water moccasin skeleton
Aim: a water moccasin skeleton (moderately damaged, about 32% to evade your +0 trident)
You puncture the water moccasin skeleton!
The water moccasin skeleton is heavily damaged.
The water moccasin skeleton bites you but does no damage.
The two-headed ogre hits you but does no damage.
The two-headed ogre hits you with a +0 giant club!
You die...

(#..# #...#
...<. ...# .[.#
#..# #ZO# #♣)#
#<)#
...............
##.......######
#.##.##.# # ..
.# ##. ## #


You could see a two-headed ogre and a water moccasin skeleton.

Vanquished Creatures
  A necrophage (D:4)
  A water moccasin skeleton (D:4)
  2 jellies
  2 hounds
  An orc priest (D:5)
  3 iguanas
  An orc wizard (D:5)
  2 hound skeletons (D:4)
  8 adders
  A howler monkey skeleton (D:5)
  A worm (D:3)
  2 dart slugs
  8 orcs
  3 bats (D:1)
  2 endoplasms
  4 giant cockroaches
  6 goblins
  6 hobgoblins
  5 jackals
  8 quokkas
  6 ball pythons
  2 frilled lizards
  4 kobolds
  4 rats
83 creatures vanquished.

Notes
Turn   | Place    | Note
-------+----------+-------------------------------------------
     0 | D:1      | Exodus22XD the Demonspawn Gladiator began the quest for the
                  | Orb.
     0 | D:1      | Reached XP level 1. HP: 16/16 MP: 1/1
    54 | D:1      | You fall into a shaft and drop 1 floor!
   120 | D:2      | Found Ifaufek's Antique Armour Emporium.
   280 | D:1      | Gained mutation: You are partially covered in molten
                  | scales. (AC +2) [demonic ancestry]
   280 | D:1      | Reached XP level 2. HP: 18/22 MP: 2/2
  1415 | D:2      | Found a faded altar of an unknown god.
  1561 | D:2      | Reached skill level 3 in Polearms
  1561 | D:2      | Gained mutation: You have a pair of small horns on your
                  | head. [demonic ancestry]
  1561 | D:2      | Reached XP level 3. HP: 27/27 MP: 3/3
  1776 | D:3      | Found a shadowy altar of Dithmenos.
  2210 | D:3      | Reached skill level 1 in Stealth
  2533 | D:3      | Gained mutation: You have a pair of horns on your head.
                  | [demonic ancestry]
  2533 | D:3      | Reached XP level 4. HP: 30/34 MP: 4/4
  2867 | D:4      | Found Caegam's Elemental Accessories.
  2880 | D:4      | Reached skill level 1 in Armour
  2956 | D:4      | Found a transporter.
  2960 | D:4      | Noticed hallab's ghost (amateur KoBr)
  2961 | D:4      | Found a transporter.
  2961 | D:4      | Noticed a centaur
  2976 | D:4      | Gained mutation: You are mostly covered in molten scales.
                  | (AC +3) [demonic ancestry]
  2976 | D:4      | Reached XP level 5. HP: 39/39 MP: 5/5
  3009 | D:4      | Reached skill level 4 in Polearms
  3118 | D:4      | Found a basalt altar of Yredelemnul.
  3123 | D:4      | Found a hide-covered altar of Uskayaw.
  3140 | D:4      | Became a worshipper of Uskayaw the Reveller
  3256 | D:4      | Reached * piety under Uskayaw
  3267 | D:4      | Reached ** piety under Uskayaw
  3272 | D:4      | Reached *** piety under Uskayaw
  3442 | D:4      | Gained mutation: You sometimes gain a little power by
                  | taking damage. [demonic ancestry]
  3442 | D:4      | Reached XP level 6. HP: 46/46 MP: 6/6
  3469 | D:4      | Reached skill level 1 in Invocations
  3857 | D:5      | Entered Level 5 of the Dungeon
  3876 | D:5      | Reached **** piety under Uskayaw
  3880 | D:5      | Reached skill level 5 in Polearms
  3887 | D:5      | HP: 3/70 [iguana (4)]
  3888 | D:5      | Reached ***** piety under Uskayaw
  3896 | D:5      | Reached XP level 7. HP: 16/52 MP: 1/8
  3907 | D:5      | HP: 3/78 [orc/+0 flail (2)]
  3916 | D:5      | Noticed a two-headed ogre
  3922 | D:5      | Slain by a two-headed ogre

Illustrated notes

Levels and vault maps discovered:
D:1:      heliophobic_arrival_henge, layout_basic
D:2:      layout_loops_cross, serial_shops, nicolae_shop_advertising_works
          [nicolae_subvault_shop_adworks], shapermc_ecumenical_altar_flowoftime
D:3:      minmay_chambers_of_twos, layout_basic,
          grunt_dithmenos_smoke_and_mirrors, minmay_misc_feat_chi
D:4:      layout_rooms, chequers_temple_overflow_statue_of_worship,
          gammafunk_ghost_arena, minivault_4, minmay_misc_feat_tiny,
          st_stairs_7, nicolae_elemental_shop, nicolae_elevator_lobby_plus
D:5:      cheibrodos_fzero, layout_loops_ring, kennysheep_slug_shrine

Skill      XL: |  1  2  3  4  5  6 |
---------------+-------------------+-----
Dodging        | 3 |  3.5
Polearms       | 3 4 5 |  5.1
Stealth        | 1 2 |  2.5
Armour         | 1 2 |  2.2
Fighting       | 3 |  3.2
Invocations    | 2 |  2.4
Throwing       | |  1.9

Action                   |  1- 3 |  4- 6 |  7- 9 || total
-------------------------+-------+-------+-------++-------
Melee: Trident           |   127 |   151 |    22 ||   300
       Punch             |     3 |     6 |       ||     9
       Headbutt          |     6 |    18 |       ||    24
Invok: Stomp             |       |     2 |     1 ||     3
  Use: Potion            |       |     3 |     1 ||     4
       Scroll            |       |       |     1 ||     1
 Stab: Sleeping          |     4 |     4 |       ||     8
       Paralysed         |       |     4 |       ||     4
Armor: Leather armour    |    41 |    32 |       ||    73
       Skin              |       |    28 |    36 ||    64
Dodge: Dodged            |    74 |    74 |     6 ||   154
